 Dungeon Crawl Stone Soup version 0.30-a0-830-gfe289a77b0 (webtiles) character file.

Game seed: 2850169536360776546

56 zenocrate the Shooter (level 3, -1/28 HPs)
             Began as a Barachi Hunter on Feb 28, 2023.
             Killed from afar by a white imp (13 damage)
             ... with a puff of frost
             ... on level 6 of the Dungeon.
             The game lasted 00:01:23 (1832 turns).

zenocrate the Shooter (Barachi Hunter)              Turns: 1832, Time: 00:01:23

Health: -1/28      AC:  3    Str: 12    XL:     3   Next: 97%
Magic:  3/3        EV: 12    Int:  9    God:
Gold:   12         SH:  0    Dex: 17    Spells: 2/2 levels left

rFire   . . .      SeeInvis .    a - +0 shortbow
rCold   . . .      Faith    .    (shield currently unavailable)
rNeg    . . .      Spirit   .    c - +0 leather armour
rPois   .          Reflect  .    (no helmet)
rElec   .          Harm     .    (no cloak)
rCorr   .          Rampage  .    (no gloves)
Will    .....                    (no boots)
Stlth   ++                       (no amulet)
HPRegen 0.24/turn                (no ring)
MPRegen 0.08/turn                (no ring)

@: slow
A: amphibious, slowness 1, strong legs 1, +LOS
a: Hop


You were on level 6 of the Dungeon.
You visited 1 branch of the dungeon, and saw 4 of its levels.

You collected 91 gold pieces.
You spent 79 gold pieces at shops.

Inventory:

Hand Weapons
 a - a +0 shortbow (weapon)
Armour
 c - a +0 leather armour (worn)
Jewellery
 i - a +6 ring of dexterity
Scrolls
 b - a scroll of immolation
 d - 2 scrolls of fog {unknown}
 e - a scroll of enchant weapon {unknown}
 g - 5 scrolls of identify {unknown}
 h - a scroll of poison {unknown}
 j - a scroll of fear {unknown}
 m - a scroll of blinking {unknown}
 o - a scroll of enchant armour {unknown}
Potions
 f - 2 potions of brilliance {unknown}
 k - a potion of lignification {unknown}
 l - 2 potions of curing {unknown}
 n - 2 potions of attraction {unknown}


   Skills:
 - Level 2.4 Fighting
 + Level 5.4 Ranged Weapons
 - Level 2.1 Dodging
 - Level 0.8 Stealth


You had 2 spell levels left.
You didn't know any spells.
Your spell library was empty.

Dungeon Overview and Level Annotations

Branches:
Dungeon (6/15)
 Temple: D:4-7

Altars:

Shops:
D:2 [**


Innate Abilities, Weirdness & Mutations

You are amphibious.
You cover ground slowly.
You can hop short distances.
You have an extended range of vision and can be seen from far away.


Message History

No target in view!
A white imp comes into view.
The white imp shouts, "Away with thee, thou frothy dread-bolted crab-lanthorn!"
The white imp gestures at you. The puff of frost hits you.
You shoot an arrow. The arrow hits the white imp.
The white imp is moderately wounded.
You shoot an arrow. The arrow closely misses the white imp.
You shoot an arrow. The arrow hits the white imp.
The white imp is heavily wounded.
The white imp hits you but does no damage.
You shoot an arrow.
The arrow hits the white imp but does no damage.
The white imp is heavily wounded.
The white imp closely misses you.
The white imp lashes its tail.
The white imp closely misses you.
You shoot an arrow.
The arrow hits the white imp but does no damage.
The white imp is heavily wounded.
The white imp closely misses you. The white imp gestures at you.
The puff of frost hits you!
The white imp hits you but does no damage.
You shoot an arrow. The arrow closely misses the white imp.
The white imp hits you but does no damage.
You shoot an arrow.
The arrow hits the white imp but does no damage.
The white imp is heavily wounded.
The white imp gestures at you. The puff of frost misses you.
You shoot an arrow. The arrow barely misses the white imp.
The white imp hits you but does no damage.
The white imp shouts, "Slither home, thou jarring swag-bellied measle!"
The white imp gestures at you. The puff of frost hits you.
You shoot an arrow. The arrow closely misses the white imp.
The white imp gestures at you. The puff of frost hits you!
You die...

# #.# ##+# .# ..
#.. ...##.###.#
..........#
##.##@.# #...5..#
......##..# .....
#..#
#.######..#######.#
#.................#
#########.########
#.# #.#


You could see a white imp.

Vanquished Creatures
  Terence (D:2)
  A worm (D:2)
  5 ball pythons
  2 endoplasms (D:1)
  2 giant cockroaches
  2 goblins (D:1)
  A hobgoblin (D:3)
  4 kobolds
  2 quokkas (D:2)
  3 bats
  5 frilled lizards
  2 rats
30 creatures vanquished.

Notes
Turn   | Place    | Note
-------+----------+-------------------------------------------
     0 | D:1      | zenocrate the Barachi Hunter began the quest for the Orb.
     0 | D:1      | Reached XP level 1. HP: 17/17 MP: 1/1
   176 | D:1      | Reached XP level 2. HP: 23/23 MP: 2/2
   968 | D:2      | Reached XP level 3. HP: 18/28 MP: 3/3
  1269 | D:2      | Found Labefut's Assorted Antiques.
  1275 | D:2      | Bought a scroll labelled GUFIOXZIUFUCH for 17 gold pieces
  1275 | D:2      | Bought a brown potion for 15 gold pieces
  1284 | D:2      | Reached skill level 5 in Ranged Weapons
  1396 | D:2      | Found Hosiy's Assorted Antiques.
  1404 | D:2      | Bought a blue potion for 15 gold pieces
  1404 | D:2      | Bought a scroll labelled CALUNO BEANN for 17 gold pieces
  1404 | D:2      | Bought a fuming green potion for 15 gold pieces
  1554 | D:2      | Noticed Terence
  1559 | D:2      | Killed Terence
  1564 | D:2      | Found Vaedidiu's Armour Shoppe.
  1768 | D:3      | You fall into a shaft and drop 3 floors!
  1832 | D:6      | Killed from afar by a white imp

Illustrated notes

Levels and vault maps discovered:
D:1:      wander_arrival_abandoned_jail, layout_basic
D:2:      layout_loops_cross, serial_shops, shop, nicolae_square_shop, shop,
          serial_co_window_serial, co_window_paths_a,
          co_window_of_opportunity_a, co_window_of_opportunity_a,
          co_window_of_opportunity_a, co_window_paths_b, co_window_corner_a,
          co_window_2corner, co_window_2corner, co_window_cross_3,
          co_window_2corner, co_window_paths_c, co_window_unsneaky_path_c,
          co_window_unsneaky_path_d, co_window_paths_e, glass_columns_a,
          glass_columns_a, glass_columns_a, glass_columns_a, glass_columns_b,
          uniq_terence
D:3:      layout_rooms, uniq_crazy_yiuf_cottage
D:6:      layout_loops_corners, kiku_gazebo_garden_becter,
          mainiacjoe_overflow_paths, nicolae_shop_clearance, uniq_maggie

Skill      XL: |  1  2  3 |
---------------+----------+-----
Ranged Weapons | 5 |  5.4
Fighting       | |  2.4
Dodging        | |  2.1
Stealth        | |  0.8

Action                     || total
---------------------------++-------
   Fire: Shortbow          ||   102
 Armour: Leather armour    ||    18
  Dodge: Dodged            ||    31

Table legend: (Time is in decaauts)
 A = Elapsed time spent in this place.
 B = Non-inter-level travel time spent in this place.
 C = Inter-level travel time spent in this place.
 D = Time resting spent in this place.
 E = Time spent auto-exploring this place.
 F = Levels seen in this place.
 G = Mean time per level.
                   A        B        C        D        E       F      G
               +--------+--------+--------+--------+--------+-----+--------+
         Total |   2174 |   2116 |     58 |      0 |   1878 |   4 |  543.5 |
       Dungeon |   2174 |   2116 |     58 |      0 |   1878 |   4 |  543.5 |
               +--------+--------+--------+--------+--------+-----+--------+

Top non-repeatable levels by time:
     D:2: 1115 daAuts
     D:1: 820 daAuts
     D:3: 160 daAuts
     D:6: 77 daAuts
